 Dungeon Crawl Stone Soup version 0.26-a0-639-g72c4674329 (webtiles) character file.

Game seed: 1911507028644438196

653236 Lugonue the Archmage (level 26, -21/148 HPs)
             Began as a Deep Elf Fire Elementalist on Sept 17, 2020.
             Was the Champion of Kikubaaqudgha.
             Killed from afar by a Hell Sentinel (71 damage)
             ... with an iron shot
             ... on level 4 of the Abyss on Sept 18, 2020.
             The game lasted 05:05:23 (92231 turns).

Lugonue the Archmage (Deep Elf Fire Elementalist)  Turns: 92231, Time: 05:05:24

Health: -21/148    AC: 31    Str: 13      XL:     26   Next: 82%
Magic:  8/65       EV: 17    Int: 32 (33) God:    Kikubaaqudgha [******]
Gold:   7230       SH: 23    Dex: 18 (19) Spells: 16/79 levels left

rFire    + + .     SeeInvis .   b - staff of fire
rCold    + . .     Faith    .   k - +5 kite shield {AC+3}
rNeg     + . .     Spirit   .   t - +4 pearl dragon scales
rPois    .         Reflect  +   s - +1 helmet of Fokask {rC+ MR+}
rElec    +         Harm     .   B - +2 cloak
rCorr    .         Rampage  .   J - +2 pair of gloves {Dex+3}
MR       +++..     Rnd*Rage +   h - +2 pair of boots {run}
Stlth    +++.......             H - amulet "Ocey" {Reflect Dex+6 SH+5}
HPRegen  0.34/turn              X - ring "Qyaxou" {Fire rElec Str+6 Dex-5 Slay+5}
MPRegen  0.39/turn              S - ring "Oluunlie" {rElec rC+ MP+9 Str+2}

@: studying Staves, quick
A: [berserk 2], [deformed body], [deterioration 2]
}: 5/15 runes: barnacled, slimy, silver, abyssal, gossamer
a: Receive Corpses, Torment, Renounce Religion


You were on level 4 of the Abyss.
You worshipped Kikubaaqudgha.
Kikubaaqudgha was exalted by your worship.
You visited 10 branches of the dungeon, and saw 52 of its levels.
You visited the Abyss 2 times.
You visited 1 bazaar.
You also visited: Ice Cave.

You collected 12038 gold pieces.
You spent 4808 gold pieces at shops.

Inventory:

Hand Weapons
 a - the +10 trident "Jixy" {freeze, *Slow rN++ Int+2}
   (You found it on level 3 of the Elven Halls)

   It has been specially enchanted to freeze those struck by it, causing extra
   injury to most foes and up to half again as much damage against particularly
   susceptible opponents.
   It can also slow down cold-blooded creatures.
   It affects your intelligence (+2).
   It greatly protects you from negative energy.
   It may slow you when you take damage.
Armour
 h - a +2 pair of boots of running (worn)
 k - a +5 kite shield of protection (worn)
 s - the +1 helmet of Fokask (worn) {rC+ MR+}
   (You acquired it on level 1 of the Lair of Beasts)

   It protects you from cold.
   It affects your resistance to hostile enchantments.
 t - +4 pearl dragon scales (worn)
 B - a +2 cloak (worn)
 J - a +2 pair of gloves of dexterity (worn)
Magical Staves
 b - an uncursed staff of fire (weapon)
 e - an uncursed staff of air
 M - an uncursed staff of cold
Jewellery
 o - an uncursed ring of see invisible
 x - the ring "Naonees" {rF++ Int+5 Dex+6 Stlth+}
   (You found it on level 1 of the Elven Halls)

   [ring of dexterity]

   It affects your intelligence (+5).
   It affects your dexterity (+6).
   It greatly protects you from fire.
   It makes you more stealthy.
 y - the ring "Gyputt" {Wiz Dex+4}
   (You found it on level 5 of the Depths)

   [ring of wizardry]

   It improves your spell success rate.
   It affects your dexterity (+4).
 C - an uncursed amulet of magic regeneration
 H - the amulet "Ocey" (around neck) {Reflect Dex+6 SH+5}
   (You took it off a deep elf mage on level 2 of the Elven Halls)

   [amulet of reflection]

   It shields you and reflects attacks.
   It affects your dexterity (+6).
   It affects your SH (+5).
 S - the ring "Oluunlie" (right hand) {rElec rC+ MP+9 Str+2}
   (You found it on level 5 of the Pits of Slime)

   [ring of magical power]

   It affects your strength (+2).
   It protects you from cold.
   It insulates you from electricity.
   It affects your magic capacity (+9).
 X - the ring "Qyaxou" (left hand) {Fire rElec Str+6 Dex-5 Slay+5}
   (You took it off a centaur on level 12 of the Dungeon)

   [ring of fire]

   It enhances your fire magic.
   It affects your strength (+6).
   It affects your dexterity (-5).
   It affects your accuracy and damage with ranged weapons and melee attacks
   (+5).
   It protects you from fire.
   It makes you vulnerable to cold.
   It insulates you from electricity.
Wands
 m - a wand of polymorph (9)
 w - a wand of iceblast (77)
 G - a wand of paralysis (6)
 K - a wand of disintegration (22)
 Q - a wand of flame (80)
 W - a wand of digging (13)
 Z - a wand of acid (7)
Scrolls
 c - 13 scrolls of teleportation
 f - 21 scrolls of magic mapping
 i - 5 scrolls of silence
 j - 3 scrolls of summoning
 n - 25 scrolls of remove curse
 r - 2 scrolls of blinking
 z - 2 scrolls of holy word
 D - 2 scrolls of fog
 E - 5 scrolls of amnesia
 L - 4 scrolls of fear
 O - 13 scrolls of identify
Potions
 d - a potion of stabbing
 l - 5 potions of might
 p - a potion of resistance
 q - 9 potions of curing
 A - 4 potions of flight
 F - a potion of invisibility
 I - 4 potions of brilliance
 P - 4 potions of magic
 R - 3 potions of heal wounds
 T - 2 potions of cancellation
 Y - 11 potions of ambrosia
Books
 v - a manual of Staves
Miscellaneous
 u - a box of beasts (3/3)
 U - a phantom mirror
 V - a condenser vane (2/2)


   Skills:
 - Level 10.4 Fighting
   Level 7.2 Long Blades
 - Level 11.0(12.1) Polearms
 - Level 11.0(13.8) Staves
 - Level 13.0 Armour
 - Level 13.1 Dodging
 - Level 9.3 Stealth
 - Level 15.0 Shields
 O Level 27 Spellcasting
 - Level 3.1 Conjurations
 - Level 7.0 Hexes
 * Level 18.7 Necromancy
 + Level 1.1 Transmutations
 - Level 25.0 Fire Magic
 - Level 5.0 Ice Magic
   Level 5.0 Invocations
 - Level 8.5 Evocations


You had 16 spell levels left.
You knew the following spells:

 Your Spells              Type           Power        Failure   Level
a - Ignition              Fire           #########.   1%          8
b - Infestation           Necr           ########..   6%          8
c - Fireball              Conj/Fire      ########..   1%          5
d - Sticky Flame          Conj/Fire      ########     1%          4
e - Blink                 Tloc           N/A          3%          2
f - Necromutation         Tmut/Necr      #######...   93%         8
g - Ozocubu's Refrigerat  Ice            ######....   38%         6
h - Stone Arrow           Conj/Erth      ######       3%          3
i - Invisibility          Hex            ######..     19%         6
j - Animate Dead          Necr           ########..   0%          4
k - Death's Door          Necr           ########..   69%         9

Your spell library contained the following spells:

 Spells                   Type           Power        Failure   Level
 Animate Skeleton         Necr           ######       0%          1
 Foxfire                  Conj/Fire      ####         0%          1
 Pain                     Necr           ####         0%          1
 Sublimation of Blood     Necr           ########..   0%          2
 Inner Flame              Hex/Fire       ########     0%          3
 Vampiric Draining        Necr           ########..   0%          3
 Dispel Undead            Necr           ########     0%          4
 Beastly Appendage        Tmut           ######       1%          1
 Corona                   Hex            ######.      1%          1
 Freeze                   Ice            ####         1%          1
 Magic Dart               Conj           ####         1%          1
 Sandblast                Erth           #####.       1%          1
 Sting                    Tmut/Pois      ####         1%          1
 Summon Small Mammal      Summ           ####         1%          1
 Corpse Rot               Necr/Air       N/A          1%          2
 Ensorcelled Hibernation  Hex/Ice        ######       1%          2
 Searing Ray              Conj           ######       1%          2
 Slow                     Hex            ######..     1%          2
 Wereblood                Tmut           ######..     1%          2
 Confusing Touch          Hex            ######..     1%          3
 Conjure Flame            Conj/Fire      ########     1%          3
 Dazzling Flash           Conj/Hex       ######       1%          3
 Frozen Ramparts          Ice            ######       1%          3
 Ignite Poison            Fire/Tmut/Pois ########     1%          3
 Ozocubu's Armour         Ice            ######..     1%          3
 Summon Guardian Golem    Hex/Summ       ######..     1%          3
 Tukima's Dance           Hex            ######..     1%          3
 Cause Fear               Hex            ######....   1%          4
 Agony                    Necr           ########     1%          5
 Bolt of Magma            Conj/Fire/Erth ########..   1%          5
 Borgnjor's Vile Clutch   Necr/Erth      #######...   1%          5
 Excruciating Wounds      Necr           ########..   1%          5
 Starburst                Conj/Fire      ########..   1%          6
 Passwall                 Tmut/Erth      #####...     2%          2
 Simulacrum               Ice/Necr       #######...   2%          6
 Call Imp                 Summ           #####...     3%          2
 Poisonous Vapours        Pois/Air       #####.       3%          2
 Swiftness                Air            #####...     3%          2
 Static Discharge         Conj/Air       ######..     3%          3
 Mephitic Cloud           Conj/Pois/Air  #####...     4%          3
 Spider Form              Tmut/Pois      #####.....   4%          3
 Hailstorm                Conj/Ice       ######..     4%          4
 Leda's Liquefaction      Hex/Erth       ######....   4%          4
 Metabolic Englaciation   Hex/Ice        ######....   4%          5
 Call Canine Familiar     Summ           #####...     6%          3
 Gell's Gravitas          Tloc           #####.....   6%          3
 Lesser Beckoning         Tloc           #####.....   6%          3
 Teleport Other           Tloc           #####...     6%          3
 Ice Form                 Ice/Tmut       ######..     6%          4
 Borgnjor's Revivificati  Necr           ########..   6%          8
 Summon Ice Beast         Ice/Summ       ######..     8%          4
 Yara's Violent Unravell  Hex/Tmut       ######....   11%         5
 Silence                  Hex/Air        ######....   14%         5
 Iskenderun's Battlesphe  Conj           ######..     16%         5
 Petrify                  Tmut/Erth      #####...     17%         4
 Olgreb's Toxic Radiance  Pois           #####...     21%         4
 Passage of Golubria      Tloc           N/A          21%         4
 Summon Lightning Spire   Summ/Air       #####...     21%         4
 Irradiate                Conj/Tmut      ######....   24%         5
 Lightning Bolt           Conj/Air       ######....   30%         5
 Blade Hands              Tmut           ######....   36%         5
 Haunt                    Necr/Summ      #######...   36%         7
 Lee's Rapid Deconstruct  Erth           #####.....   50%         5
 Freezing Cloud           Conj/Ice/Air   ######....   71%         6
 Conjure Ball Lightning   Conj/Air       ######....   86%         6
 Iron Shot                Conj/Erth      ######....   86%         6
 Hydra Form               Tmut           ######....   90%         6
 Statue Form              Tmut/Erth      #####....    95%         6
 Orb of Destruction       Conj           ######....   99%         7
 Dragon Form              Tmut           ######....   100%        7
 Spellforged Servitor     Conj/Summ      ######....   100%        7
 Discord                  Hex            ######....   100%        8
 Shatter                  Erth           #####.....   100%        9
 Tornado                  Air            #####.....   100%        9


Dungeon Overview and Level Annotations

Branches:
Dungeon (15/15)            Temple (0/1) D:5            Lair (6/6) D:10
 Shoals (4/4) Lair:2       Spider (4/4) Lair:4        Slime (5/5) Lair:6
    Orc (2/2) D:11            Elf (3/3) Orc:2        Vaults (5/5) D:14
  Crypt (3/3) Vaults:3       Tomb (0/3) Crypt:3      Depths (5/5) D:15
    Zot (0/5) Depths:5      IceCv (visited)

Altars:
Cheibriados
Kikubaaqudgha
Nemelex Xobeh
Okawaru
Qazlal
Sif Muna
Trog
Vehumet
Wu Jian
Xom
Yredelemnul
Zin
Beogh

Shops:
D:9 }   Orc:2 [*(:   Elf:1 }=}   Elf:3 !   Shoals:1 }   Vaults:4 [}
Vaults:5 !   Depths:1 }?*:}?

Portals:
Hell: Depths:1 Depths:2 Depths:3 Depths:4 Depths:5
Abyss: Depths:2 Depths:4
Pandemonium: Depths:3
Ziggurat: Depths:2
Trove: Vaults:3 (show abyssal rune of Zot)

Annotations:
Orc:1 2 transporters
Elf:2 3 runed translucent doors
Depths:3 1 runed translucent door, Borgoz's ghost, veteran MiGl
Abyss:4 1 transporter


Innate Abilities, Weirdness & Mutations

[You often lose your temper in combat.]
[Armour fits poorly on your strangely shaped body.]
[Your body often deteriorates upon taking damage.]


Message History

The wretched star glows turbulently.
The lance of force reflects off an invisible shield around you!
The lance of force hits the wretched star!
The wretched star is knocked back by the lance of force.
Press: ? - help, v - describe, . - travel
Here: a Hell Sentinel (lightly wounded)
The floor.
Press: ? - help, v - describe, . - travel
Here: a Hell Sentinel (lightly wounded)
The floor.
Unknown command.
Unknown command.
Unknown command.
Unknown command.
As you read the scroll of fog, it crumbles to dust.
The scroll dissolves into smoke.
The Hell Sentinel gestures at you. The iron shot hits you!!!
You die...
Kikubaaqudgha rasps: "You have failed me!
Welcome... death!"

# ##### #####
##.#©#.###.. #
+..#'#..'.....#
#.§§§§§.#.....#
##§§@§.# s... #
.
##.§§§.##.....#
. #.*###1.##.
)##
###'1'#####* #
########)[ ##
.)#..s..#. ...
# ... .)).. .
°°.... #.
...#.....#..
..#. # ..
#######... .#
..#


You could see a Hell Sentinel and a wretched star.

Vanquished Creatures
  the Royal Jelly (Slime:5)
  Mennas (Crypt:2)
  2 juggernauts (Depths:4)
  Bai Suzhen (Vaults:4)
  Saint Roka (Crypt:3)
  5 caustic shrikes (Depths:4)
  2 golden dragons
  Jory (Crypt:3)
  A bone dragon (Vaults:3)
  5 liches
  6 tentacled monstrosities
  Jorgrun (D:15)
  Rupert (D:14)
  4 deep elf blademasters (Elf:3)
  2 quicksilver dragons
  4 titans (Vaults:5)
  29 acid blobs
  2 Executioners (Abyss:2)
  4 deep elf master archers (Elf:3)
  An ancient champion (Crypt:3)
  8 tentacled starspawn
  3 storm dragons
  5 tengu reavers (Vaults:5)
  Gastronok (Lair:3)
  Agnes (D:14)
  4 sphinxes
  Roxanne (Shoals:3)
  6 shadow dragons
  2 thorn hunters (Depths:3)
  A draconian monk (Abyss:4)
  3 revenants
  A nagaraja (Abyss:4)
  6 fire giants
  9 azure jellies (Slime:5)
  4 iron dragons
  10 frost giants
  A balrug (Abyss:1)
  A draconian scorcher (Abyss:4)
  6 emperor scorpions (Spider:4)
  3 ghost moths
  A caustic shrike zombie (Crypt:3)
  A cacodemon (Abyss:2)
  6 deep elf sorcerers
  12 vault wardens
  3 curse skulls
  A draconian annihilator (Abyss:3)
  Aizul (Shoals:1)
  5 deep elf elementalists
  18 very ugly things
  A draconian shifter (Depths:5)
  A draconian stormcaller (Depths:5)
  5 ghouls
  A war gargoyle (Vaults:4)
  18 ironheart preservers
  A reaper (Abyss:3)
  21 stone giants
  A green draconian (Depths:5)
  5 entropy weavers
  2 deep elf demonologists
  9 deep elf annihilators
  22 vampire knights
  2 black draconians (Depths:5)
  A red draconian (Depths:5)
  3 white draconians (Depths:5)
  7 spark wasps
  3 eidola
  19 ettins
  Snorg (D:14)
  A blizzard demon (Abyss:4)
  4 deep elf death magi
  5 merfolk javelineers
  22 ogre magi
  5 merfolk impalers
  2 deep elf high priests
  11 jiangshi
  9 death oozes
  14 yaktaur captains
  Josephine (Lair:5)
  An ice dragon (shapeshifter) (Depths:1)
  6 hydras
  7 fire dragons
  10 rakshasas
  4 catoblepae
  15 great orbs of eyes
  3 spriggan air magi
  30 vault guards
  A merfolk avatar (Shoals:4)
  2 satyrs
  5 death knights
  13 ice dragons
  10 centaur warriors
  60 two-headed ogres
  An anaconda (shapeshifter) (Vaults:5)
  13 dancing weapons
  10 deep troll shamans
  2 merfolk aquamancers
  7 death yaks (Lair:6)
  4 tengu warriors
  9 thrashing horrors
  11 deep troll earth magi
  13 vampire magi
  14 deep elf knights
  Sonja (Orc:1)
  A shock serpent (shapeshifter) (Vaults:1)
  Urug (Lair:5)
  A sun demon (Abyss:1)
  3 iron trolls
  41 skeletal warriors
  A fire crab (shapeshifter) (Depths:1)
  A storm dragon zombie (Crypt:3)
  4 shadow wraiths
  5 hell knights
  2 wretched stars
  6 unseen horrors
  A ghost moth zombie (Crypt:3)
  10 sea snakes
  5 glowing orange brains
  A swamp dragon (Abyss:1)
  20 large abominations
  16 deep elf archers
  17 wizards
  40 deep trolls
  13 harpies
  7 flayed ghosts
  14 orc knights
  17 ironbrand convokers
  9 necromancers
  Pikel (D:5)
  17 phantasmal warriors
  25 orb spiders
  A stone giant zombie (Crypt:3)
  2 shining eyes
  36 ugly things
  34 wolf spiders
  8 fauns
  67 deep elf magi
  3 orc sorcerers
  A manticore (shapeshifter) (Vaults:2)
  4 draconians (Abyss:4)
  A cyclops (shapeshifter) (Depths:1)
  16 manticores
  A moth of wrath (shapeshifter) (Vaults:2)
  16 cyclopes
  5 moths of wrath
  A dire elephant zombie (Crypt:3)
  2 eyes of devastation
  Maurice (D:9)
  A rust devil (D:8)
  16 vault sentinels
  A stone giant skeleton (Abyss:3)
  4 black mambas
  4 smoke demons
  3 molten gargoyles (Depths:3)
  5 water nymphs
  12 merfolk sirens
  5 gargoyles
  4 elephants (Lair:3)
  2 guardian serpents (shapeshifter)
  A torpor snail (Spider:3)
  2 centaur skeletons
  8 cane toads
  A purple draconian zombie (Crypt:1)
  2 orange demons (Abyss:2)
  A hellion (Abyss:3)
  An emperor scorpion zombie (Crypt:3)
  Maggie (D:8)
  6 komodo dragons
  77 yaktaurs
  An elephant slug zombie (Crypt:1)
  A komodo dragon (shapeshifter) (Vaults:5)
  2 rime drakes (D:15)
  An elf (Vaults:4)
  8 freezing wraiths
  7 demonic crawlers
  A death yak zombie (Crypt:2)
  A guardian mummy (Crypt:3)
  2 red devils (Abyss:1)
  A tormentor (Abyss:3)
  10 ancient zymes
  4 tengu conjurers
  An iron troll skeleton (Crypt:2)
  2 hellwings (Abyss:2)
  5 trolls
  A harpy zombie (Crypt:3)
  A yellow draconian skeleton (Crypt:1)
  A catoblepas skeleton (Crypt:3)
  A wind drake (shapeshifter) (Elf:2)
  A meliai (shapeshifter) (Vaults:3)
  19 polar bears (IceCv)
  A wolf spider simulacrum (D:12)
  27 merfolk
  36 jumping spiders
  A hydra zombie (Crypt:3)
  7 wind drakes
  A troll (shapeshifter) (Vaults:3)
  Grinder (D:3)
  17 raiju
  7 hornets
  8 dream sheep
  5 snapping turtles
  A frost giant simulacrum (Abyss:4)
  An alligator zombie (Crypt:3)
  18 hippogriffs
  14 blink frogs
  7 air elementals
  107 slime creatures
  A satyr skeleton (Crypt:1)
  75 redbacks
  An ice dragon skeleton (Crypt:3)
  Sigmund (D:3)
  4 shadows
  21 water elementals
  2 flying skulls (Abyss:4)
  19 wraiths
  A centaur simulacrum (D:12)
  14 starcursed masses (Abyss:2)
  19 tarantellas
  A wyvern (shapeshifter) (Elf:2)
  12 wyverns
  12 humans
  41 yaks
  A vampire (Depths:1)
  4 ynoxinuls
  2 humans (shapeshifter)
  4 basilisks
  A black mamba skeleton (Crypt:2)
  7 fire elementals
  A golden eye (shapeshifter) (Elf:2)
  8 golden eyes
  8 vampire mosquitoes
  4 chaos spawn
  4 neqoxecs
  2 steam dragons
  A human simulacrum (Vaults:3)
  2 acid dragons
  8 wargs
  Duvessa (D:5)
  14 water moccasins
  A deep troll skeleton (Crypt:1)
  5 ice beasts
  A floating eye (shapeshifter) (Vaults:5)
  A hell hound (D:15)
  6 porcupines
  9 sky beasts
  A black bear (D:9)
  42 orc warriors
  8 eyes of draining
  56 ogres
  6 phantoms
  An eye of draining (shapeshifter) (Depths:1)
  A lindwurm zombie (Crypt:1)
  4 necrophages
  24 wolves
  4 boggarts (Vaults:1)
  21 centaurs
  2 dream sheep skeletons
  10 crocodiles
  A snapping turtle skeleton (Crypt:1)
  A lemure (D:5)
  2 big kobolds
  16 bullfrogs
  4 earth elementals
  7 scorpions
  Dowan (D:5)
  A killer bee (shapeshifter) (Vaults:2)
  21 killer bees
  29 wights
  6 howler monkeys
  2 polar bear skeletons
  3 electric eels
  2 troll skeletons
  2 bullfrog zombies
  2 centaur zombies
  4 human zombies (D:11)
  5 jellies
  6 hounds
  A quasit (Abyss:2)
  18 orc priests
  4 bullfrog skeletons
  A hound (shapeshifter) (Depths:5)
  2 iron imps
  3 iguanas
  A human skeleton (D:11)
  Terence (D:2)
  25 orc wizards
  9 worker ants
  18 small abominations
  A killer bee zombie (D:8)
  A bullfrog simulacrum (D:12)
  A dwarf skeleton (Crypt:3)
  A hound zombie (D:9)
  A hound skeleton (Crypt:3)
  15 mummies
  Robin (D:2)
  3 gnolls (Orc:2)
  A worker ant zombie (D:10)
  A swamp drake zombie (Crypt:1)
  15 adders
  2 shadow imps
  5 white imps
  2 ufetubi
  An ooze (D:4)
  An adder zombie (Crypt:2)
  2 adder skeletons
  A lava snake skeleton (Crypt:2)
  3 worms (D:3)
  A dart slug (D:3)
  2 leopard geckos
  86 orcs
  9 bats
  3 giant cockroaches
  13 goblins
  7 hobgoblins
  12 jackals
  3 quokkas
  A ball python (D:1)
  A frilled lizard (D:2)
  A hobgoblin skeleton (Crypt:1)
  A jackal skeleton (Crypt:2)
  11 kobolds
  A kobold zombie (Crypt:2)
  A leopard gecko zombie (Crypt:1)
  An orc skeleton (Abyss:2)
  A quokka skeleton (D:7)
  8 rats
  2 crawling corpses (Elf:3)
  2 fire vortices (Depths:3)
  2 foxfires (D:9)
  3 lurking horrors
  7 starspawn tentacles
2546 creatures vanquished.

Vanquished Creatures (collateral kills)
  Mara (Vaults:5)
  Frederick (Crypt:1)
  A golden dragon (Depths:4)
  A bone dragon (Abyss:3)
  4 tentacled starspawn
  A shadow dragon (Depths:5)
  Donald (Crypt:2)
  2 fire giants (Vaults:4)
  A deep elf sorcerer (Elf:3)
  A frost giant (Vaults:5)
  A deep elf death mage (Elf:3)
  A jiangshi (Abyss:4)
  A merfolk impaler (Shoals:4)
  2 hell hogs (Abyss:3)
  6 thrashing horrors
  5 hell knights
  A titan skeleton (Abyss:3)
  A fire crab (Abyss:1)
  3 skeletal warriors (Crypt:3)
  A deep troll (Depths:5)
  A swamp dragon (Abyss:4)
  An ironbrand convoker (Vaults:4)
  A wizard (Depths:2)
  A cyclops (Orc:2)
  2 draconians (Abyss:4)
  A deep elf mage (D:12)
  A large abomination (Abyss:4)
  A rust devil (Abyss:3)
  An apocalypse crab (Abyss:4)
  A water nymph (Shoals:4)
  3 smoke demons
  An efreet (Abyss:3)
  An ancient zyme (Abyss:4)
  A jumping spider (Spider:4)
  A merfolk (Shoals:4)
  8 raiju
  A flying skull (Abyss:4)
  2 fire elementals
  2 ynoxinuls (Abyss:3)
  3 neqoxecs
  3 earth elementals (Depths:3)
  2 starcursed masses
  An orc priest (D:9)
  A quasit (Abyss:3)
  A foxfire (D:7)
  A lurking horror (Abyss:4)
  A starspawn tentacle (Abyss:1)
80 creatures vanquished.

Vanquished Creatures (others)
  A fire giant (Depths:4)
  A fire dragon (Depths:4)
  A vault guard (D:14)
  An apocalypse crab (Abyss:4)
  A large abomination (Abyss:4)
  An orc wizard (D:12)
  A worker ant (D:12)
  A bush (Abyss:4)
  A fire vortex (Depths:3)
  1223 foxfires
  27 fungi
  106 plants
  15 starspawn tentacles
  3 withered plants
1383 creatures vanquished.

Grand Total: 4009 creatures vanquished

Notes
Turn   | Place    | Note
-------+----------+-------------------------------------------
     0 | D:1      | Lugonue the Deep Elf Fire Elementalist began the quest for
                  | the Orb.
     0 | D:1      | Reached XP level 1. HP: 10/10 MP: 6/6
   222 | D:1      | Reached XP level 2. HP: 15/15 MP: 4/8
  1149 | D:2      | Found a basalt altar of Yredelemnul.
  1153 | D:2      | Reached XP level 3. HP: 19/19 MP: 6/10
  1221 | D:2      | Reached skill level 4 in Spellcasting
  1378 | D:2      | Found a shimmering altar of Xom.
  1441 | D:2      | Noticed Robin
  1805 | D:2      | Reached XP level 4. HP: 24/24 MP: 8/12
  1810 | D:2      | Learned a level 3 spell: Inner Flame
  2016 | D:2      | Killed Robin
  2134 | D:2      | Noticed Terence
  2146 | D:2      | Killed Terence
  2146 | D:2      | Reached skill level 5 in Spellcasting
  2253 | D:3      | Found a snail-covered altar of Cheibriados.
  2263 | D:3      | Became a worshipper of Cheibriados the Contemplative
  2378 | D:3      | Reached XP level 5. HP: 24/28 MP: 0/15
  2533 | D:3      | Learned a level 5 spell: Fireball
  2565 | D:3      | Noticed Sigmund
  2569 | D:3      | Killed Sigmund
  2569 | D:3      | Reached skill level 6 in Spellcasting
  2569 | D:3      | Reached skill level 1 in Hexes
  2569 | D:3      | Reached XP level 6. HP: 32/32 MP: 10/17
  2672 | D:3      | Noticed Grinder
  2679 | D:3      | Killed Grinder
  2679 | D:3      | Reached skill level 7 in Spellcasting
  2679 | D:3      | Reached skill level 5 in Fire Magic
  2679 | D:3      | Reached XP level 7. HP: 23/36 MP: 10/19
  3228 | D:3      | Learned a level 4 spell: Sticky Flame
  3365 | D:3      | Found a bloodstained altar of Trog.
  3368 | D:3      | Reached * piety under Cheibriados
  3675 | D:3      | Found a shimmering blue altar of Sif Muna.
  3675 | D:3      | Found a sparkling altar of Nemelex Xobeh.
  3876 | D:4      | Reached skill level 1 in Shields
  4664 | D:5      | Entered Level 5 of the Dungeon
  4685 | D:5      | Noticed Dowan
  4690 | D:5      | Killed Dowan
  4695 | D:5      | Found a staircase to the Ecumenical Temple.
  4735 | D:5      | Reached ** piety under Cheibriados
  4858 | D:5      | Reached XP level 8. HP: 41/41 MP: 12/20
  4952 | D:5      | Noticed Duvessa
  4957 | D:5      | Killed Duvessa
  5122 | D:5      | Found a radiant altar of Vehumet.
  5328 | D:5      | Learned a level 2 spell: Blink
  5332 | D:5      | Learned a level 3 spell: Mephitic Cloud
  5613 | D:5      | Noticed Pikel
  5621 | D:5      | Killed Pikel
  5621 | D:5      | Reached skill level 5 in Dodging
  5621 | D:5      | Reached skill level 5 in Shields
  5812 | D:5      | You fall into a shaft and drop 3 floors!
  6151 | D:8      | Noticed Maggie
  6162 | D:8      | Killed Maggie
  6162 | D:8      | Reached XP level 9. HP: 35/44 MP: 7/21
  6302 | D:8      | Reached skill level 1 in Armour
  6366 | D:8      | Reached *** piety under Cheibriados
  6570 | D:8      | Found an iron altar of Okawaru.
  6942 | D:8      | Found an ornate altar of the Wu Jian Council.
  7246 | D:9      | Found a glowing silver altar of Zin.
  7246 | D:9      | Found Joek's Gadget Shop.
  7302 | D:7      | Noticed a rust devil
  7302 | D:7      | Noticed a rust devil
  7959 | D:7      | Reached **** piety under Cheibriados
  8768 | D:8      | Killed a rust devil
  8768 | D:8      | Reached XP level 10. HP: 49/49 MP: 16/22
  9045 | D:9      | Noticed Maurice
  9054 | D:9      | Killed Maurice
  9248 | D:9      | Reached skill level 1 in Invocations
  9537 | D:9      | Bought a box of beasts (3/3) for 300 gold pieces
 10241 | D:10     | Entered Level 10 of the Dungeon
 10560 | D:10     | Reached ***** piety under Cheibriados
 11187 | D:10     | Reached XP level 11. HP: 54/54 MP: 10/23
 11281 | D:10     | Reached skill level 10 in Shields
 11722 | D:10     | Killed an unseen horror
 11722 | D:10     | Reached skill level 5 in Armour
 11913 | D:10     | Found a staircase to the Lair.
 12529 | D:11     | Noticed a white ugly thing
 12538 | D:11     | Killed a white ugly thing
 12702 | D:11     | HP: 1/54 [cloud of flame (20)]
 13056 | D:11     | Found an ancient bone altar of Kikubaaqudgha.
 13144 | D:11     | Noticed a two-headed ogre
 13144 | D:11     | Noticed a green ugly thing
 13151 | D:11     | Killed a green ugly thing
 13154 | D:11     | Killed a two-headed ogre
 13387 | D:11     | Found a staircase to the Orcish Mines.
 13799 | D:11     | You fall into a shaft and drop 3 floors!
 13873 | D:14     | Noticed a centaur warrior
 13876 | D:14     | Noticed a rakshasa
 13883 | D:14     | Killed a centaur warrior
 13883 | D:14     | Reached skill level 1 in Long Blades
 13890 | D:14     | Killed a rakshasa
 13890 | D:14     | Reached XP level 12. HP: 59/60 MP: 3/24
 13953 | D:14     | Reached ****** piety under Cheibriados
 13954 | D:14     | Got a scorched scale mail
 13956 | D:14     | Killed a vault guard
 13958 | D:14     | Identified the cursed +1 scale mail of Plasticity {*Slow
                  | rElec rPois Str+7} (You found it on level 14 of the
                  | Dungeon)
 14058 | D:14     | Found a stormy altar of Qazlal.
 14512 | D:14     | Noticed Snorg
 14513 | D:14     | Got a distressingly furry ring mail
 14514 | D:14     | Identified the +6 ring mail "Zieblishre" {rC+ MR+++} (You
                  | found it on level 14 of the Dungeon)
 14521 | D:14     | Killed Snorg
 14530 | D:14     | Reached skill level 5 in Invocations
 14554 | D:14     | Reached skill level 1 in Fighting
 14714 | D:14     | Noticed Rupert
 14724 | D:14     | Killed Rupert
 14827 | D:14     | Noticed Agnes
 14833 | D:14     | Killed Agnes
 14939 | D:14     | Found a gate to the Vaults.
 15112 | D:14     | Reached skill level 5 in Long Blades
 15528 | D:15     | Entered Level 15 of the Dungeon
 15610 | D:15     | Noticed a centaur warrior
 15621 | D:15     | Killed a centaur warrior
 15641 | D:15     | Noticed a rakshasa
 15652 | D:15     | Killed a rakshasa
 15663 | D:15     | Noticed a tengu warrior
 15670 | D:15     | Killed a tengu warrior
 15670 | D:15     | Reached XP level 13. HP: 66/66 MP: 2/25
 15849 | D:15     | Noticed a fire giant
 16104 | D:13     | Found a frozen archway.
 16113 | IceCv    | Entered an ice cave
 17094 | IceCv    | Noticed a frost giant
 17111 | IceCv    | Killed a frost giant
 17890 | IceCv    | Learned a level 6 spell: Ozocubu's Refrigeration
 17969 | D:13     | Reached skill level 1 in Ice Magic
 18453 | D:13     | Reached skill level 8 in Spellcasting
 19052 | D:12     | Found a flickering gateway to a bazaar.
 19061 | Bazaar   | Entered a bazaar
 19111 | Bazaar   | Found Veqek's Jewellery Boutique.
 19128 | Bazaar   | Found Kuinerph's Antique Weapon Emporium.
 19139 | Bazaar   | Found Geogah's Jewellery Shoppe.
 19163 | Bazaar   | Found Aluos's Gadget Boutique.
 19168 | Bazaar   | Bought a phantom mirror for 240 gold pieces
 19168 | Bazaar   | Bought a condenser vane (2/2) for 160 gold pieces
 19179 | Bazaar   | Found Bucraes's Book Shoppe.
 19389 | D:12     | Reached skill level 9 in Spellcasting
 19713 | D:12     | Reached skill level 10 in Spellcasting
 19713 | D:12     | Reached skill level 5 in Ice Magic
 20325 | D:12     | Reached XP level 14. HP: 66/74 MP: 14/30
 20372 | D:12     | Reached skill level 11 in Spellcasting
 20506 | D:12     | Identified the ring "Qyaxou" {Fire rElec Str+6 Dex-5
                  | Slay+5}
 20603 | D:12     | Reached skill level 1 in Evocations
 20633 | D:12     | HP: 3/74 [acid (11)]
 20984 | Lair:1   | Entered Level 1 of the Lair of Beasts
 21281 | Lair:1   | Reached skill level 12 in Spellcasting
 22073 | Lair:2   | Found a staircase to the Shoals.
 22899 | Lair:3   | Learned a level 8 spell: Ignition
 23100 | Lair:3   | Noticed Gastronok
 23110 | Lair:3   | Killed Gastronok
 23110 | Lair:3   | Reached skill level 5 in Fighting
 23726 | Lair:4   | Found a hole to the Spider Nest.
 23820 | Lair:4   | Reached skill level 13 in Spellcasting
 24595 | Lair:5   | Noticed Urug
 24607 | Lair:5   | Killed Urug
 24840 | Lair:5   | Noticed Josephine
 24856 | Lair:5   | Killed Josephine
 24856 | Lair:5   | Reached skill level 5 in Stealth
 25146 | Lair:6   | Entered Level 6 of the Lair of Beasts
 25475 | Lair:6   | Found a staircase to the Slime Pits.
 25549 | Lair:6   | Found the +8 frozen axe "Frostbite" {freezing cloud, *Noise
                  | +Fly rC+}
 26116 | Lair:6   | Reached XP level 15. HP: 55/85 MP: 10/34
 26261 | Lair:6   | Reached skill level 5 in Evocations
 26484 | Lair:6   | Reached skill level 14 in Spellcasting
 26758 | Lair:6   | Got a fine glass ring
 26761 | Lair:6   | Identified the ring "Wyane" {*Tele *Slow +Fly Str+4} (You
                  | found it on level 6 of the Lair of Beasts)
 27062 | Orc:1    | Entered Level 1 of the Orcish Mines
 27180 | Orc:1    | Noticed Sonja
 27183 | Orc:1    | Killed Sonja
 27506 | Orc:1    | Found a transporter.
 27508 | Orc:1    | Found a transporter.
 27525 | Orc:1    | Found a roughly hewn altar of Beogh.
 27704 | Orc:2    | Entered Level 2 of the Orcish Mines
 27794 | Orc:2    | Found Leukafy's Antique Weapon Shop.
 27994 | Orc:2    | Found Poukop's General Store.
 27994 | Orc:2    | Found Teuri's Book Shoppe.
 28015 | Orc:2    | Bought a scroll of teleportation for 39 gold pieces
 28015 | Orc:2    | Bought a scroll of blinking for 97 gold pieces
 28019 | Orc:2    | Found a staircase to the Elven Halls.
 28045 | Orc:2    | Found Ateske's Antique Armour Boutique.
 28273 | Orc:2    | Bought a pair of embroidered boots for 157 gold pieces
 28626 | Elf:1    | Entered Level 1 of the Elven Halls
 28636 | Elf:1    | Reached skill level 15 in Spellcasting
 28731 | Elf:1    | Got a transparent ivory ring
 29119 | Elf:1    | Identified the ring "Naonees" {rF++ Int+5 Dex+6 Stlth+}
                  | (You found it on level 1 of the Elven Halls)
 29271 | Elf:1    | Noticed a deep elf sorcerer
 29274 | Elf:1    | Killed a deep elf sorcerer
 29447 | Elf:1    | Found Ileam's Gadget Shoppe.
 29447 | Elf:1    | Found Obu Gufyhe's Jewellery Shop.
 29448 | Elf:1    | Found Javuoloq's Gadget Shoppe.
 29456 | Elf:1    | Bought an uncursed amulet of reflection for 420 gold pieces
 29686 | Elf:1    | Noticed a Brimstone Fiend
 29690 | Elf:1    | Reached skill level 16 in Spellcasting
 30324 | Elf:2    | Reached XP level 16. HP: 51/94 MP: 33/38
 30471 | Elf:1    | Learned a level 3 spell: Stone Arrow
 31089 | Elf:2    | Found a runed translucent gate.
 31130 | Elf:2    | Found a runed translucent gate.
 31130 | Elf:2    | Found a runed translucent gate.
 31342 | Elf:2    | Reached skill level 17 in Spellcasting
 31346 | Elf:2    | Identified the amulet "Ocey" {Reflect Dex+6 SH+5}
 33027 | D:15     | Noticed Jorgrun
 33328 | D:15     | Killed Jorgrun
 33328 | D:15     | Reached skill level 18 in Spellcasting
 33441 | D:15     | Found a staircase to the Depths.
 34402 | Elf:3    | Entered Level 3 of the Elven Halls
 34670 | Elf:3    | Found Nearocua's Distillery.
 34676 | Elf:3    | Bought a potion of cancellation for 80 gold pieces
 35481 | Elf:3    | Noticed a deep elf master archer
 35482 | Elf:3    | Noticed a deep elf blademaster
 35485 | Elf:3    | Killed a deep elf master archer
 35487 | Elf:3    | Killed a deep elf blademaster
 35717 | Elf:3    | Noticed a deep elf master archer
 35719 | Elf:3    | Noticed a deep elf blademaster
 35737 | Elf:3    | Killed a deep elf blademaster
 35737 | Elf:3    | Reached XP level 17. HP: 79/100 MP: 24/41
 35738 | Elf:3    | Killed a deep elf master archer
 35755 | Elf:3    | Reached skill level 10 in Fire Magic
 35755 | Elf:3    | Noticed a deep elf master archer
 35760 | Elf:3    | Killed a deep elf master archer
 36114 | Elf:3    | Noticed a deep elf master archer
 36115 | Elf:3    | Noticed a deep elf blademaster
 36115 | Elf:3    | Noticed a deep elf blademaster
 36125 | Elf:3    | Killed a deep elf blademaster
 36127 | Elf:3    | Killed a deep elf blademaster
 36129 | Elf:3    | Killed a deep elf master archer
 36414 | Elf:3    | Got a brightly glowing leather armour
 36417 | Elf:3    | Identified the +0 leather armour of Sefacel {rPois Str+5
                  | Int+3} (You found it on level 3 of the Elven Halls)
 36433 | Elf:3    | Got a shimmering trident
 36434 | Elf:3    | Identified the +10 trident "Jixy" {freeze, *Slow rN++
                  | Int+2} (You found it on level 3 of the Elven Halls)
 36464 | Elf:3    | Got a translucent long sword
 36465 | Elf:3    | Identified the +7 long sword of Disorder {vorpal, rN+
                  | Int+3} (You found it on level 3 of the Elven Halls)
 37694 | Spider:1 | Entered Level 1 of the Spider Nest
 37786 | Spider:1 | Reached skill level 1 in Polearms
 38068 | Spider:1 | Got a sparkling ivory ring
 40542 | Spider:3 | Reached skill level 5 in Polearms
 41416 | Spider:4 | Entered Level 4 of the Spider Nest
 41433 | Spider:4 | Reached XP level 18. HP: 105/105 MP: 30/42
 42968 | Spider:4 | Reached skill level 15 in Fire Magic
 44762 | Spider:4 | Got a gossamer rune of Zot
 44936 | Shoals:1 | Entered Level 1 of the Shoals
 45403 | Shoals:1 | Found Vomoonio's Gadget Shop.
 45414 | Shoals:1 | Noticed Aizul
 45419 | Shoals:1 | Killed Aizul
 45819 | Shoals:1 | Found a sparkling altar of Nemelex Xobeh.
 47244 | Shoals:3 | Noticed Roxanne
 47417 | Shoals:3 | Killed Roxanne
 47570 | Shoals:4 | Entered Level 4 of the Shoals
 47746 | Shoals:4 | Identified the ring "Oramoneda" {Ice +Blink rN+++ MR+
                  | Int-2} (You found it on level 1 of the Spider Nest)
 48103 | Shoals:4 | Reached XP level 19. HP: 110/110 MP: 31/43
 48450 | Shoals:4 | Got a barnacled rune of Zot
 49527 | Vaults:1 | Entered Level 1 of the Vaults
 52694 | Vaults:2 | Reached XP level 20. HP: 116/116 MP: 35/44
 54346 | Vaults:3 | Found a portal to a secret trove of treasure.
 54908 | Vaults:3 | Noticed a bone dragon
 54926 | Vaults:3 | Killed a bone dragon
 55069 | Vaults:3 | Found a staircase to the Crypt.
 55671 | Vaults:4 | Found Eguf's Gadget Boutique.
 55750 | Vaults:4 | Noticed Bai Suzhen
 55760 | Vaults:4 | Killed Bai Suzhen
 56479 | Vaults:4 | Reached XP level 21. HP: 120/120 MP: 21/45
 57651 | Slime:1  | Entered Level 1 of the Pits of Slime
 59412 | Slime:5  | Entered Level 5 of the Pits of Slime
 59709 | Slime:5  | Noticed the Royal Jelly
 60153 | Slime:5  | Killed the Royal Jelly
 60153 | Slime:5  | Reached skill level 10 in Polearms
 60959 | Slime:5  | Found the +9 sword of Zonguldrok {reap}
 60962 | Slime:5  | Found the +8 glaive of the Guard {elec, +Rage AC+5 SInv}
 60965 | Slime:5  | Identified a +2 pair of boots of running (You found it on
                  | level 5 of the Pits of Slime)
 61002 | Slime:5  | Got a slimy rune of Zot
 61047 | Slime:5  | Identified the Reference Book on Venomous Confrontation
 61056 | Slime:5  | Got a shimmering turquoise ring
 61093 | Slime:5  | Got a crude granite ring
 61127 | Slime:5  | Identified the ring "Oluunlie" {rElec rC+ MP+9 Str+2} (You
                  | found it on level 5 of the Pits of Slime)
 61129 | Slime:5  | Identified the ring of Kiesohate {rPois SInv} (You found it
                  | on level 5 of the Pits of Slime)
 61837 | Vaults:4 | Found Ryrolu's Armour Emporium.
 61843 | Vaults:4 | Bought a +2 pair of gloves of dexterity for 387 gold pieces
 61843 | Vaults:4 | Bought a +0 helmet of see invisible for 207 gold pieces
 62032 | Vaults:4 | Reached XP level 22. HP: 125/125 MP: 29/46
 62588 | Vaults:5 | Entered Level 5 of the Vaults
 62589 | Vaults:5 | Reached skill level 19 in Spellcasting
 62600 | Vaults:5 | Noticed Mara
 62732 | Vaults:4 | Learned a level 6 spell: Invisibility
 62840 | Vaults:1 | Identified the +10 arbalest of Bisauk {speed, +Inv rF++
                  | Dex-5 SInv}
 62980 | D:11     | Fell from the grace of Cheibriados
 62980 | D:11     | Became a worshipper of Kikubaaqudgha
 63212 | Depths:1 | Entered Level 1 of the Depths
 63951 | Depths:1 | Found Xeigatwabau's Blood Bar.
 63960 | Depths:1 | Found Nontaz's Gadget Emporium.
 63967 | Depths:1 | Reached skill level 20 in Spellcasting
 64085 | Depths:1 | Found Vaq Nyif's Magic Scroll Emporium.
 64272 | Depths:1 | Bought a scroll of enchant armour for 150 gold pieces
 64272 | Depths:1 | Bought a scroll of enchant armour for 150 gold pieces
 64272 | Depths:1 | Bought a scroll of remove curse for 60 gold pieces
 64272 | Depths:1 | Bought a scroll of teleportation for 60 gold pieces
 64372 | Depths:1 | Reached * piety under Kikubaaqudgha
 64372 | Depths:1 | Identified Kikubaaqudgha's Volume of Black Arts
                  | (Kikubaaqudgha gifted it to you on level 1 of the Depths)
 64372 | Depths:1 | Received a gift from Kikubaaqudgha
 64427 | Depths:1 | Found a gateway to Hell.
 64796 | Depths:1 | Found Anism's Magic Scroll Shoppe.
 64809 | Depths:1 | Bought a scroll of blinking for 142 gold pieces
 64809 | Depths:1 | Bought a scroll of teleportation for 57 gold pieces
 65033 | Depths:1 | Found Inwab's Gadget Boutique.
 65042 | Depths:1 | Found Engovom's Book Shop.
 65051 | Depths:1 | Bought a manual of Staves for 1766 gold pieces
 65474 | Depths:2 | Found a gateway to a ziggurat.
 65620 | Depths:2 | Reached ** piety under Kikubaaqudgha
 65620 | Depths:2 | Reached skill level 21 in Spellcasting
 66603 | Depths:2 | Reached XP level 23. HP: 40/130 MP: 1/50
 67190 | Depths:2 | Reached *** piety under Kikubaaqudgha
 67190 | Depths:2 | Identified Kikubaaqudgha's Grimoire of Sinister Secrets
                  | (Kikubaaqudgha gifted it to you on level 2 of the Depths)
 67190 | Depths:2 | Received a gift from Kikubaaqudgha
 67228 | Depths:2 | Learned a level 4 spell: Animate Dead
 67486 | Depths:2 | Reached skill level 22 in Spellcasting
 67753 | Depths:2 | Found a one-way gate to the infinite horrors of the Abyss.
 68245 | Depths:2 | Lost strength.
 69801 | Depths:3 | Reached **** piety under Kikubaaqudgha
 69929 | Depths:3 | Reached skill level 10 in Armour
 70000 | Depths:3 | Found a runed translucent door.
 70000 | Depths:3 | Noticed Borgoz's ghost (veteran MiGl)
 70195 | Depths:3 | You fall into a shaft and drop 2 floors!
 70195 | Depths:5 | Entered Level 5 of the Depths
 70428 | Depths:4 | Reached skill level 23 in Spellcasting
 70892 | Depths:3 | Found a one-way gate leading to the halls of Pandemonium.
 71720 | Depths:3 | Identified the Volume of the Glacier
 71723 | Depths:3 | Identified the Tome of Snow
 71918 | Depths:2 | Voluntarily entered the Abyss.
 72123 | Abyss:2  | Found a corrupted altar of Lugonu.
 72434 | Depths:2 | Escaped the Abyss
 73285 | Vaults:5 | Noticed Lugonue's illusion
 73339 | Vaults:5 | Identified the +0 robe of Defiance {*Contam rElec rF++
                  | Int+4}
 73340 | Vaults:5 | Noticed Lugonue's illusion
 73340 | Vaults:5 | Reached skill level 15 in Shields
 73341 | Vaults:5 | Reached skill level 1 in Staves
 73714 | Crypt:1  | Entered Level 1 of the Crypt
 73799 | Crypt:1  | Noticed Frederick
 73810 | Crypt:1  | Killed Frederick
 73855 | Crypt:1  | Identified a scroll of acquirement
 73891 | Crypt:1  | Reached skill level 24 in Spellcasting
 73914 | Crypt:1  | Was forgiven by Cheibriados
 74483 | Crypt:1  | Reached ***** piety under Kikubaaqudgha
 75687 | Crypt:2  | Noticed Mennas
 75705 | Crypt:2  | Noticed Donald
 75706 | Crypt:2  | Reached XP level 24. HP: 77/135 MP: 25/53
 75707 | Crypt:2  | Killed Mennas
 75712 | Crypt:2  | Killed Donald
 77538 | Crypt:3  | Entered Level 3 of the Crypt
 77800 | Crypt:3  | Reached skill level 25 in Spellcasting
 77976 | Crypt:3  | Reached skill level 5 in Staves
 78014 | Crypt:3  | Found a basalt altar of Yredelemnul.
 78034 | Crypt:3  | Found the +7 sceptre of Torment {pain, torment}
 78684 | Crypt:3  | Reached skill level 26 in Spellcasting
 79439 | Crypt:3  | Noticed Saint Roka
 79440 | Crypt:3  | Reached ****** piety under Kikubaaqudgha
 79448 | Crypt:3  | Identified the ring of Piss {rPois rN+ Str+6 Slay-5}
 79453 | Crypt:3  | Identified the ring "Riats" {rN+ MR- Dex+3}
 79456 | Crypt:3  | Killed Saint Roka
 79688 | Crypt:3  | Got a wavering gossamer ring
 79691 | Crypt:3  | Identified the ring "Vosaukk" {rF+ MR+} (You found it on
                  | level 3 of the Crypt)
 79724 | Crypt:3  | Noticed Jory
 79732 | Crypt:3  | Killed Jory
 79782 | Crypt:3  | Identified the Handbook of Harmful Clay
 80167 | Crypt:3  | Found a staircase to the Tomb.
 80907 | Lair:1   | Acquired the +1 helmet of Fokask {rC+ MR+}
 80939 | Lair:1   | Acquired 4880 gold pieces
 81940 | Depths:4 | Reached skill level 27 in Spellcasting
 82071 | Depths:4 | Reached skill level 10 in Dodging
 82158 | Depths:4 | Reached skill level 10 in Fighting
 82666 | Depths:4 | Reached XP level 25. HP: 141/141 MP: 56/56
 83489 | Depths:5 | Noticed a juggernaut
 83571 | Depths:5 | Reached skill level 10 in Staves
 84325 | Depths:4 | Noticed a juggernaut
 84815 | Depths:4 | Received a gift from Kikubaaqudgha
 84956 | Depths:4 | Killed a juggernaut
 85372 | Depths:4 | Learned a level 8 spell: Infestation
 85381 | Depths:4 | Learned a level 8 spell: Necromutation
 85391 | Depths:4 | Learned a level 9 spell: Death's Door
 85538 | Depths:4 | Killed a juggernaut
 86302 | Depths:5 | Found a gate to the Realm of Zot.
 86626 | Depths:5 | Got a heavily runed bronze ring
 86908 | Depths:5 | Identified the ring "Gyputt" {Wiz Dex+4} (You found it on
                  | level 5 of the Depths)
 87288 | Vaults:5 | Noticed Lugonue's illusion
 87888 | Vaults:5 | Killed Mara
 87900 | Vaults:5 | Reached XP level 26. HP: 98/148 MP: 34/56
 87906 | Vaults:5 | Reached skill level 5 in Hexes
 88208 | Vaults:5 | Reached skill level 5 in Necromancy
 88278 | Vaults:5 | Identified the +6 lajatang "Kiadonez" {elec, Int+2 Dex+3}
 88944 | Vaults:5 | Found Migatag's Distillery.
 88985 | Vaults:5 | Bought a potion of magic for 128 gold pieces
 88985 | Vaults:5 | Bought a potion of magic for 128 gold pieces
 88985 | Vaults:5 | Bought a potion of heal wounds for 80 gold pieces
 89177 | Vaults:5 | Got a jewelled trident
 89178 | Vaults:5 | Identified the +6 trident of Famine {vorpal, *Noise rPois
                  | MR+} (You found it on level 5 of the Vaults)
 89188 | Vaults:5 | Identified the Papyrus of the Ashen Escort
 89250 | Vaults:5 | Reached skill level 10 in Necromancy
 89312 | Vaults:5 | Got a silver rune of Zot
 90066 | Depths:2 | Voluntarily entered the Abyss.
 90071 | Abyss:1  | Found a corrupted altar of Lugonu.
 90085 | Abyss:1  | Found a corrupted altar of Lugonu.
 90417 | Abyss:2  | Reached skill level 15 in Necromancy
 90424 | Abyss:2  | Reached skill level 1 in Transmutations
 91291 | Abyss:3  | Found a corrupted altar of Lugonu.
 91773 | Abyss:3  | Paralysed by accursed screaming for 1 turns
 92175 | Abyss:4  | Found a transporter.
 92211 | Abyss:4  | Found a transporter.
 92222 | Abyss:4  | Got an abyssal rune of Zot
 92231 | Abyss:4  | Killed from afar by a Hell Sentinel

Illustrated notes

Levels and vault maps discovered:
D:1:      erik_arrival_blinker_ship, layout_basic
D:2:      layout_basic, yredelemnul_altar_generic, lemuel_round_altar,
          uniq_robin, uniq_terence
D:3:      layout_loops_corners, gammafunk_temple_overflow_statue,
          kennysheep_slug_shrine, trog_three_pillars_becter, uniq_grinder,
          uniq_sigmund
D:4:      layout_basic
D:5:      layout_layer_cave, fiery_altar_vehumet,
          minmay_temple_entry_nine_rooms, uniq_duvessa, uniq_pikel,
          uniq_crazy_yiuf_cottage
D:6:      layout_rooms, kennysheep_vampire_church
D:7:      cheibrodos_iron_armory, layout_basic, chequers_jeans
D:8:      layout_gridville, marbit_many_paths, nicolae_overflow_hidden_temple,
          uniq_maggie
D:9:      layout_small_grid, overflow_temple_1_default, serial_shops, shop,
          kennysheep_generic_room_9, uniq_maurice
D:10:     layout_roguey, erik_lair_dragon, serial_undead, serial_undead_c,
          serial_undead_f, serial_undead_e, serial_undead_d, centaur_isle
D:11:     layout_long_grid, david_orc_1_choice, minmay_misc_feat_room,
          lemuel_mausoleum_altar_kikubaaqudgha
D:12:     minmay_the_grid_square_5x5_5x5_mashed
          [minmay_the_grid_square_5x5_checkered,
          minmay_the_grid_square_5x5_shrine1, minmay_the_grid_square_5x5_slash,
          minmay_the_grid_square_5x5_forky,
          minmay_the_grid_square_5x5_broken_cross,
          minmay_the_grid_square_5x5_lines,
          minmay_the_grid_square_5x5_prize_rear_guard,
          minmay_the_grid_square_5x5_empty,
          minmay_the_grid_square_5x5_prize_waves,
          minmay_the_grid_square_5x5_detours,
          minmay_the_grid_square_5x5_almost_minimal,
          minmay_the_grid_square_5x5_corner,
          minmay_the_grid_square_5x5_prize_snowflake,
          minmay_the_grid_square_5x5_pentomino_r,
          minmay_the_grid_square_5x5_dogpile,
          minmay_the_grid_square_5x5_two_small,
          minmay_the_grid_square_5x5_prize_deathbox,
          minmay_the_grid_square_5x5_meh,
          minmay_the_grid_square_5x5_prize_itemx,
          minmay_the_grid_square_5x5_misaligned,
          minmay_the_grid_square_5x5_minivault,
          minmay_the_grid_square_5x5_empty,
          minmay_the_grid_square_5x5_bracketed,
          minmay_the_grid_square_5x5_three_walls,
          minmay_the_grid_square_5x5_two_walls_b], layout_cross, serial_shops,
          bzr_entry_customers
D:13:     layout_stronghold, portal_ice_cave_entry_pillars_2
D:14:     layout_cave_pods, ximxim_vaults_locker_room, serial_glass,
          glass_columns_c, glass_columns_b, glass_columns_a, glass_columns_b,
          glass_columns_a, glass_columns_a, minmay_staircase_statues_hall_large,
          nicolae_qazlal_general_emergency, uniq_rupert, uniq_snorg, uniq_agnes
D:15:     grunt_enter_depths_giant_problem, layout_rooms, special_room
          [special_room_mythical_zoo], solitary_fountain, serial_glass,
          glass_columns_a, glass_columns_c, minmay_misc_feat_diagonals,
          uniq_jorgrun
Lair:1:   layout_cave_pods
Lair:2:   layout_cellular_growth, elwin_shoals_entry_rooms
Lair:3:   layout_hall_layers, grunt_megastairs_4, lemuel_fruit_tree,
          uniq_gastronok
Lair:4:   layout_cave_shapes, spider_nest_entry_a, small_statue_intersection
Lair:5:   layout_roguey, uniq_urug, uniq_josephine
Lair:6:   evilmike_catoblepas_cave, layout_gridlike, dpeg_slime_entry_corner,
          grunt_megastairs_2
Shoals:1: layout_shoals, serial_shops, shop, lemuel_altar_in_water, uniq_aizul
Shoals:2: layout_shoals, uniq_ilsuiw
Shoals:3: layout_shoals, uniq_roxanne
Shoals:4: shoals_end_simple, layout_shoals, nicolae_shoals_circle_sea_wall
Spider:1: layout_spider_delve
Spider:2: layout_spider_delve
Spider:3: layout_chambers
Spider:4: grunt_spider_rune_circles, nicolae_spider_nook
Slime:1:  layout_caves
Slime:2:  layout_caves, basic_altar, cheibrodos_slime_lost_civilization_5
Slime:3:  layout_caves
Slime:4:  layout_caves
Slime:5
Orc:1:    gammafunk_beogh_shrine, layout_diamond_mine, uniq_sonja
Orc:2:    grunt_orc_gardens, layout_caves, grunt_orc_garden, grunt_orc_garden,
          grunt_orc_garden, grunt_orc_garden
Elf:1:    eino_elf_arrival_customs, layout_loops_ring, minivault_28,
          minmay_shop_grove
Elf:2:    layout_loops_cross
Elf:3:    minmay_elf_hall, layout_geoelf_diagonals, serial_shops,
          nicolae_shop_temple_entry_statues_fountains
Vaults:1: v_misc_26, v_pattern_5, grunt_vaults_hallway_long,
          ontoclasm_vaults_eye, ontoclasm_vaults_bender,
          nicolae_vaults_ring_of_whatevers, ontoclasm_vaults_ring_small,
          nicolae_vaults_alarming, vaults_room_fours, vaults_room_pools,
          layout_vaults_omnigrid
Vaults:2: nicolae_vaults_back_hallway, v_rooms_4, nicolae_vaults_circle_grid_a,
          vaults_mumra_chevron, v_misc_28, v_misc_13, hangedman_vaults_pinch,
          hangedman_vaults_unwind, v_misc_29, ontoclasm_vaults_tryst,
          dpeg_vaults_monster_box, layout_vaults_ring
Vaults:3: ontoclasm_vaults_ring_large, minmay_crypt_entry_nasty_monster,
          ontoclasm_vaults_chip, vaults_room_grid, nicolae_vaults_asterisk,
          v_misc_2, v_alt_pattern_5, ontoclasm_vaults_spin,
          vaults_dpeg_encased_lava, hangedman_vaults_slice,
          nicolae_vaults_yaktaur_gun_rack, ontoclasm_vaults_hangar,
          vaults_room_ringed_pool, grunt_vaults_hallway_short,
          grunt_vaults_hallway_short, layout_vaults_maze_bifur, enter_trove_3
Vaults:4: vaults_dpeg_cross, v_misc_33, nicolae_vaults_holding_cells,
          hangedman_vaults_slice, v_alt_pattern_4, v_rooms_1,
          nicolae_vaults_ring_of_whatevers, hangedman_vaults_snaps,
          nicolae_vaults_mini_display_case, hangedman_vaults_stream,
          vaults_room_grid, layout_vaults_omnibox, serial_shops, shop,
          shop_statue, uniq_bai_suzhen
Vaults:5: serial_shops, uniq_mara, uniq_margery
Crypt:1:  layout_catacombs, uniq_frederick
Crypt:2:  layout_misc_corridors, chequers_big_river, hex_tiny,
          grunt_ministairs_3, nicolae_crypt_cryptocurrency, st_stairs_7,
          uniq_donald, uniq_mennas
Crypt:3:  church_of_pain_bobbens, layout_chaotic_city,
          nicolae_tomb_entry_unfolded_pyramid_orthogonal, uniq_saint_roka
Depths:1: layout_gridlike, minmay_misc_feat_rows, grunt_hell_entry_dis_mu,
          serial_shops, shop, shop, shop_statue, shop, nicolae_shop_trees,
          guppyfry_shop_blood, roderic_lattice_octagonal_star
Depths:2: minmay_tri_stars, layout_cave_pools, enter_ziggurat_e,
          hangedman_abyss_or_decor_jellyfish_corner, grunt_metal_band,
          abyss_entry_small_statue_room, minmay_staircase_statues_hall_small,
          firewood_loft
Depths:3: mu_elemental_laboratory, layout_cave_pools,
          grunt_pan_entry_in_and_out, nrook_pool_corridor,
          ebering_ghost_reflecting_pool, hell_entry
Depths:4: cheibrodos_spurs, layout_gridlike, abyss_entry, hell_entry,
          minmay_misc_feat_square, infiniplex_staircase_zigzag_1
Depths:5: grunt_crosshair, layout_cave_shapes, serial_sigils_hangedman_stare,
          hell_entry
Abyss:4:  base: Depths:5, abyss_greek_temple, nicolae_abyss_rune_star_stuff,
          guppyfry_abyss_exit_imp_island, nicolae_abyss_rune_left_handed,
          nicolae_abyss_rune_left_handed, hangedman_abyss_or_decor_clamps,
          evilmike_abyss_exit_5, small_statue_intersection,
          hangedman_decor_riveting, hangedman_grunt_abyss_rune_horror_hoard,
          gammafunk_abyss_rune_reverse_zot

Skill      XL: |  1  2  3  4  5  6  7  8  9 10 11 12 13 14 15 16 17 18 19 20 21 22 23 24 25 26 |
---------------+-------------------------------------------------------------------------------+-----
Fire Magic     | 4 5 8 14 17 20 23 25 | 25.0
Spellcasting   | 4 5 6 7 10 13 16 18 21 24 27 | 27.0
Conjurations   | 2 3 |  3.1
Dodging        | 3 4 6 8 9 10 13 | 13.1
Hexes          | 1 4 7 |  7.0
Stealth        | 3 5 7 8 9 |  9.3
Shields        | 4 6 8 9 11 12 13 14 15 | 15.0
Armour         | 3 4 5 7 9 10 13 | 13.0
Invocations    | 2 4 5 |  5.0
Long Blades    | 1 6 7 |  7.2
Fighting       | 2 3 6 8 9 10 | 10.4
Ice Magic      | 5 |  5.0
Evocations     | 4 7 8 |  8.5
Polearms       | 5 9 11 | 11.0
Staves         | 3 9 11 | 11.0
Necromancy     | 4 18 | 18.7
Transmutations | 1 |  1.1

Action                   |  1- 3 |  4- 6 |  7- 9 | 10-12 | 13-15 | 16-18 | 19-21 | 22-24 | 25-27 || total
-------------------------+-------+-------+-------+-------+-------+-------+-------+-------+-------++-------
Melee: Unarmed           |     1 |       |    18 |    32 |       |       |       |       |       ||    51
       Dagger            |       |       |       |    66 |       |       |       |       |       ||    66
       Scimitar          |       |       |       |   234 |   753 |    32 |       |       |       ||  1019
       Double sword      |       |       |       |       |       |    51 |       |       |       ||    51
       Staff             |       |       |       |       |       |    39 |   328 |   694 |   590 ||  1651
       Trident           |       |       |       |       |       |   228 |    20 |    10 |       ||   258
 Cast: Foxfire           |    98 |    47 |   269 |   258 |   103 |       |       |       |       ||   775
       Inner Flame       |       |     8 |    26 |    42 |    29 |     4 |       |       |       ||   109
       Sticky Flame      |       |       |    16 |    62 |    71 |    25 |    10 |    42 |    24 ||   250
       Mephitic Cloud    |       |       |     1 |     6 |    21 |     7 |       |       |       ||    35
       Blink             |       |       |       |    11 |    11 |     3 |     2 |    15 |    11 ||    53
       Fireball          |       |       |       |     7 |    87 |   177 |    63 |   141 |    76 ||   551
       Ozocubu's Refrige |       |       |       |       |    32 |    97 |     1 |    15 |     8 ||   153
       Stone Arrow       |       |       |       |       |       |    32 |       |    14 |    57 ||   103
       Ignition          |       |       |       |       |       |    54 |   190 |   172 |   109 ||   525
       Animate Dead      |       |       |       |       |       |       |       |     1 |       ||     1
       Invisibility      |       |       |       |       |       |       |       |       |     4 ||     4
       Infestation       |       |       |       |       |       |       |       |       |    17 ||    17
Invok: Slouch            |       |       |     1 |     4 |     3 |     2 |     1 |       |       ||    11
       Temporal Distorti |       |       |     1 |       |       |       |       |       |       ||     1
       Receive Necronomi |       |       |       |       |       |       |       |       |     1 ||     1
Evoke: Wand              |       |       |     2 |     4 |    12 |     5 |     2 |    18 |     2 ||    45
       Box of beasts     |       |       |       |     6 |     3 |     8 |     5 |    22 |     8 ||    52
       Condenser vane    |       |       |       |       |     2 |     4 |     1 |     3 |     4 ||    14
       Phantom mirror    |       |       |       |       |       |     2 |     2 |     4 |     3 ||    11
  Use: Scroll            |     1 |       |    25 |     6 |    18 |    21 |     9 |    18 |     6 ||   104
       Potion            |     1 |       |     5 |     1 |     2 |     8 |     1 |     7 |     9 ||    34
 Stab: Sleeping          |       |       |       |     6 |    11 |    11 |    10 |     6 |       ||    44
       Confused          |       |       |       |     5 |    22 |     2 |       |       |       ||    29
       Distracted        |       |       |       |     1 |     2 |     8 |     8 |     6 |     7 ||    32
       Paralysed         |       |       |       |       |       |       |       |       |     1 ||     1
       Invisible         |       |       |       |       |       |       |       |       |     8 ||     8
Armor: Robe              |     7 |       |    10 |    38 |       |       |       |       |       ||    55
       Ring mail         |       |       |    10 |    17 |   197 |   167 |    61 |   205 |     7 ||   664
       Skin              |       |       |     4 |       |       |       |       |       |       ||     4
       Swamp dragon scal |       |       |       |    39 |       |       |       |       |       ||    39
       Pearl dragon scal |       |       |       |       |       |       |       |       |   162 ||   162
Dodge: Dodged            |    19 |     2 |    45 |   257 |   500 |   296 |   196 |   193 |   219 ||  1727
       Repelled          |       |       |       |       |       |     2 |    14 |       |       ||    16
Block: Kite shield       |       |       |    56 |   379 |   771 |   575 |   372 |   543 |   559 ||  3255
       Reflection        |       |       |       |       |     2 |    52 |    61 |    40 |    25 ||   180
       Rpst.: Scimitar   |       |       |       |    38 |   113 |     3 |       |       |       ||   154
       Double sword      |       |       |       |       |       |     1 |       |       |       ||     1

Table legend: (Time is in decaauts)
 A = Elapsed time spent in this place.
 B = Non-inter-level travel time spent in this place.
 C = Inter-level travel time spent in this place.
 D = Time resting spent in this place.
 E = Time spent auto-exploring this place.
 F = Levels seen in this place.
 G = Mean time per level.
                   A        B        C        D        E       F      G
               +--------+--------+--------+--------+--------+-----+--------+
         Total | 122117 | 103056 |  19061 |  23715 |  59398 |  60 | 2035.3 |
       Dungeon |  34592 |  26769 |   7823 |   3188 |  18464 |  15 | 2306.1 |
          Lair |  11790 |   9655 |   2135 |    528 |   7107 |   6 | 1965.0 |
        Shoals |   5937 |   5441 |    496 |   1506 |   3037 |   4 | 1484.2 |
   Spider Nest |   9304 |   8797 |    507 |   3773 |   3768 |   4 | 2326.0 |
    Slime Pits |   4135 |   4008 |    127 |   2685 |    644 |   5 |  827.0 |
  Orcish Mines |   3550 |   2309 |   1241 |    117 |   1790 |   2 | 1775.0 |
   Elven Halls |   8868 |   7181 |   1687 |   1638 |   3925 |   3 | 2956.0 |
        Vaults |  17622 |  15052 |   2570 |   2547 |   9857 |   5 | 3524.4 |
         Crypt |   5887 |   5534 |    353 |   1703 |   2782 |   3 | 1962.3 |
        Depths |  15110 |  12992 |   2118 |   4648 |   5762 |   5 | 3022.0 |
         Abyss |   2535 |   2535 |      0 |    622 |    799 |   6 |  422.5 |
        Bazaar |    247 |    247 |      0 |      0 |    222 |   1 |  247.0 |
      Ice Cave |   2533 |   2533 |      0 |    758 |   1238 |   1 | 2533.0 |
               +--------+--------+--------+--------+--------+-----+--------+

Top non-repeatable levels by time:
Vaults:4: 5125 daAuts
    D:11: 4731 daAuts
    D:10: 4548 daAuts
    D:14: 4400 daAuts
Depths:4: 4191 daAuts
Depths:1: 3917 daAuts
   Elf:1: 3913 daAuts
Depths:2: 3898 daAuts
Vaults:1: 3793 daAuts
Vaults:2: 3749 daAuts
Spider:3: 3401 daAuts
Vaults:3: 3268 daAuts
    D:12: 3168 daAuts
  Lair:1: 3013 daAuts
   Elf:3: 2810 daAuts
